 Dungeon Crawl Stone Soup version 0.29-a0-559-g359e09b9d1 (webtiles) character file.

Game seed: 6827334590084464406

52 zeratav the Stinger (level 3, -1/21 HPs)
             Began as an Octopode Venom Mage on June 9, 2022.
             Slain by a gnoll
             ... wielding a +1 flail of protection
              (12 damage)
             ... on level 3 of the Dungeon.
             The game lasted 00:03:05 (2423 turns).

zeratav the Stinger (Octopode Venom Mage)           Turns: 2423, Time: 00:03:05

Health: -1/21      AC:  1    Str:  7    XL:     3   Next: 85%
Magic:  3/6        EV: 13    Int: 19    God:
Gold:   199        SH:  0    Dex: 12    Spells: 6/7 levels left

rFire   . . .      SeeInvis .   k - +3 spear {polearm}
rCold   . . .      Faith    .   (no shield)
rNeg    . . .      Spirit   .   (helmet restricted)
rPois   .          Reflect  .   (no amulet)
rElec   .          Harm     .   (no ring)
rCorr   .          Rampage  .   (no ring)
Will    .....                   (no ring)
Stlth   +++.......              (no ring)
HPRegen 0.07/turn               (no ring)
MPRegen 0.10/turn               (no ring)
                                (no ring)
                                (no ring)

@: no status effects
A: almost no armour, amphibious, 8 rings, camouflage 1, gelatinous body 1,
(nimble swimmer 1), tentacles
a: no special abilities


You were on level 3 of the Dungeon.
You visited 1 branch of the dungeon, and saw 3 of its levels.

You collected 199 gold pieces.


Innate Abilities, Weirdness & Mutations

You cannot wear most types of armour.
You are amphibious.
You can wear up to eight rings at the same time.
Your skin changes colour to match your surroundings (Stealth+).
Your rubbery body absorbs attacks. (AC +1, EV +1)
((You are camouflaged when in or above water. (Stealth+)))
You have tentacles for arms and can constrict up to eight enemies at once.


   Skills:
 - Level 2.0 Dodging
 + Level 3.6 Stealth
 + Level 2.5 Spellcasting
 - Level 1.0 Transmutations
 * Level 4.7 Poison Magic


You had 6 spell levels left.
You knew the following spells:

 Your Spells              Type           Power      Damage    Failure   Level
a - Sting                 Tmut/Pois      52%        1d5       4%          1

Your spell library contained the following spells:

 Spells                   Type           Power      Damage    Failure   Level
 Poisonous Vapours        Pois/Air       22%        N/A       9%          2
 Olgreb's Toxic Radiance  Pois           20%        N/A       22%         4
 Mephitic Cloud           Conj/Pois/Air  8%         N/A       26%         3

Inventory:

Hand Weapons
 k - a +3 spear (weapon) {polearm}
   (You found it on level 2 of the Dungeon)
Scrolls
 c - a scroll of enchant armour {unknown}
 d - a scroll of blinking {unknown}
 f - a scroll of immolation {unknown}
 g - 3 scrolls of teleportation {unknown}
 j - a scroll of fog {unknown}
 n - 3 scrolls of identify {unknown}
 p - a scroll of brand weapon {unknown}
Potions
 a - a potion of magic
 b - 3 potions of brilliance {unknown}
 e - a potion of flight {unknown}
 h - a potion of lignification {unknown}
 i - 3 potions of degeneration {unknown}
 l - a potion of might {unknown}
 m - 2 potions of attraction {unknown}
 o - a potion of haste {unknown}

Dungeon Overview and Level Annotations

Branches:
Dungeon (3/15)

Altars:
Cheibriados

Shops:
D:1

( #######. #.##.#.#
[.......# #.##.#.#
[........
#.##.#.### .......
..## #.#......#
....... #...
#.##.#.#.# .......
#...###.####...#
......r #.<......#
##### .......
#..########......##
.......
....ggg@.##.......#
.......
...#####.##.......#
#######
#.##.......######
#.##[..###.......
#.##...# ########
#.##...# #.##...##
#.......# ####....#


You could see 3 gnolls.


Message History

You kill the kobold!
No target in view!
No target in view!
No target in view!
No target in view!
No target in view!
No target in view!
No target in view!
No target in view!
No target in view!
No target in view!
No target in view!
No target in view!
No target in view!
No target in view!
No target in view!
i - 3 bubbling orange potions (gained 1)
Things that are here:
a +0 dagger {short}; a stone {throwing}; a kobold corpse
p - a scroll labelled AVYINI MOFEO You now have 199 gold pieces (gained 15).
You open the door.
There is an open door here.
Found an escape hatch in the ceiling.
g - 3 scrolls labelled MEM ZEXZIMEIM (gained 1)
A gnoll comes into view. It is wielding a +0 whip.
The gnoll shouts!
A gnoll comes into view. It is wielding a +0 club.
There are monsters nearby!
A gnoll comes into view.
It is wielding a +1 flail of protection.
The gnoll throws a throwing net.
The throwing net hits you.
You become entangled in the net!
A gnoll comes into view. It is wielding a +0 whip.
You see here a throwing net {=fthrowing}.
You tear a large gash into the net.
The gnoll shouts!
You struggle against the net.
You struggle against the net.
You rip the net and break free!
The gnoll hits you with a +0 whip.
HP[-5]
You take 5 damage, and now have 16/21 hp.
MASSIVE DAMAGE!! (PAUSE)
Casting: Sting (safe; 4% risk of failure)
Confirm with . or Enter, or press ? or * to list all spells.
Aiming: Sting (safe; 4% risk of failure)
Press: ? - help, Shift-Dir - straight line, f - gnoll
Aim: a gnoll, wielding a +0 whip (75% to hit)
The sting hits the gnoll.
The gnoll is poisoned.
The gnoll barely misses you.
MP[-1]
You lost 1 mp, and now have 5/6 mp.
Casting: Sting (safe; 4% risk of failure)
Confirm with . or Enter, or press ? or * to list all spells.
Aiming: Sting (safe; 4% risk of failure)
Press: ? - help, Shift-Dir - straight line, f/p - gnoll
Aim: a gnoll, wielding a +0 whip (moderately wounded, poisoned, 75% to hit)
The sting misses the gnoll. x2; The sting hits the gnoll.
The gnoll is poisoned.
The gnoll barely misses you.
MP[-1]
You lost 1 mp, and now have 4/6 mp.
Casting: Sting (safe; 4% risk of failure)
Confirm with . or Enter, or press ? or * to list all spells.
Aiming: Sting (safe; 4% risk of failure)
Press: ? - help, Shift-Dir - straight line, f/p - gnoll
Aim: a gnoll, wielding a +0 whip (heavily wounded, poisoned, 75% to hit)
The sting hits the gnoll.
The gnoll looks even sicker.
The gnoll barely misses you.
MP[-1]
You lost 1 mp, and now have 3/6 mp.
Casting: Sting (safe; 4% risk of failure)
Confirm with . or Enter, or press ? or * to list all spells.
Aiming: Sting (safe; 4% risk of failure)
Press: ? - help, Shift-Dir - straight line, f/p - gnoll
Aim: a gnoll, wielding a +0 whip (almost dead, very poisoned, 75% to hit)
The sting hits the gnoll.
The gnoll looks even sicker.
You kill the gnoll!
MP[-1]
You lost 1 mp, and now have 2/6 mp.
You puncture the gnoll! Your grab misses the gnoll.
The gnoll hits you with a +1 flail of protection.
HP[-1]
You take 1 damage, and now have 15/21 hp.
You closely miss the gnoll. Your grab misses the gnoll.
You squeeze the gnoll, but do no damage.
The gnoll hits you with a +1 flail of protection.
HP[-4]
You take 4 damage, and now have 11/21 hp.
You hit the gnoll. Your grab misses the gnoll. The gnoll barely misses you.
You closely miss the gnoll. You grab the gnoll.
You squeeze the gnoll, but do no damage.
You constrict the gnoll, but do no damage.
The gnoll looks more healthy.
The gnoll closely misses you.
You hit the gnoll but do no damage.
You squeeze the gnoll, but do no damage.
You constrict the gnoll. The gnoll closely misses you.
MP[+1]
You hit the gnoll but do no damage. You constrict the gnoll.
The gnoll hits you with a +1 flail of protection!
Ouch! That really hurt!
You die...

Skill      XL: |  1 |
---------------+----+-----
Stealth        | 3 |  3.6
Poison Magic   | 4 |  4.7
Dodging        | |  2.0
Spellcasting   | |  2.5
Transmutations | |  1.0

Action                   || total
-------------------------++-------
Melee: Whip              ||     8
       Constrict         ||    11
       Spear             ||    50
       Tentacles         ||     8
       Punch             ||     1
 Cast: Sting             ||    23
 Stab: Sleeping          ||    11
Armor: Skin              ||     2
Dodge: Dodged            ||    25

Levels and vault maps discovered:
D:1:      dpeg_arrival_fog, layout_basic, serial_shops,
          nicolae_shop_statue_plus, corexii_hall_statues_i
D:2:      layout_loops_cross, shapermc_ecumenical_altar_mp_ritualfount
D:3:      layout_basic, mainiacjoe_overflow_cross_hatched,
          hangedman_decor_riveting

Notes
Turn   | Place    | Note
-------+----------+-------------------------------------------
     0 | D:1      | zeratav the Octopode Venom Mage began the quest for the
                  | Orb.
     0 | D:1      | Reached XP level 1. HP: 11/11 MP: 3/3
     0 | D:1      | magus.rc [v1.9.6]
   138 | D:1      | Found Nolum's Weapon Shoppe.
   908 | D:2      | Reached skill level 3 in Stealth
   908 | D:2      | Reached skill level 4 in Poison Magic
   908 | D:2      | Reached XP level 2. HP: 9/17 MP: 3/5
  1620 | D:2      | Found a faded altar of an unknown god.
  1654 | D:2      | Reached XP level 3. HP: 21/21 MP: 6/6
  2251 | D:3      | Found a snail-covered altar of Cheibriados.
  2423 | D:3      | Slain by a gnoll

Vanquished Creatures
  A gnoll (D:3)
  A worm (D:3)
  An orc (D:3)
  5 bats
  2 endoplasms
  2 giant cockroaches
  3 goblins
  5 hobgoblins
  3 quokkas
  5 ball pythons
  2 frilled lizards
  2 kobolds
  3 rats
35 creatures vanquished.

Vanquished Creatures (others)
  3 plants (D:2)
3 creatures vanquished.

Grand Total: 38 creatures vanquished

Table legend:
 A = Non-vault XP
 B = Vault XP
 C = Vault XP percentage of total XP
 D = Non-vault monster count
 E = Vault monster count
 F = Vault count percentage of total count
                 A         B        C        D         E       F
            +---------+---------+-------+---------+---------+-------
      Total |      75 |       0 |   0.0 |      35 |       0 |   0.0
            +---------+---------+-------+---------+---------+-------
        D:1 |       9 |       0 |   0.0 |       6 |       0 |   0.0
        D:2 |      30 |       0 |   0.0 |      17 |       0 |   0.0
        D:3 |      36 |       0 |   0.0 |      12 |       0 |   0.0
            +---------+---------+-------+---------+---------+-------

Illustrated notes

Table legend:
 A = Kills in this place as a percentage of kills in entire the game.
 B = Kills by you in this place as a percentage of kills by you in the entire game.
 C = Kills by friends in this place as a percentage of kills by friends in the entire game.
 D = Other kills in this place as a percentage of other kills in the entire game.
 E = Experience gained in this place as a percentage of experience gained in the entire game.
 F = Experience gained in this place divided by the number of levels of this place that you have seen.
                   A       B       C       D       E      F
               +-------+-------+-------+-------+-------+----------------------
         Total | 100.0 | 100.0 |   N/A |   N/A | 100.0 |  25.0
       Dungeon | 100.0 | 100.0 |   N/A |   N/A | 100.0 |  25.0
               +-------+-------+-------+-------+-------+----------------------

Table legend: (Time is in decaauts)
 A = Elapsed time spent in this place.
 B = Non-inter-level travel time spent in this place.
 C = Inter-level travel time spent in this place.
 D = Time resting spent in this place.
 E = Time spent auto-exploring this place.
 F = Levels seen in this place.
 G = Mean time per level.
                   A        B        C        D        E       F      G
               +--------+--------+--------+--------+--------+-----+--------+
         Total |   2427 |   2387 |     40 |    110 |   2033 |   3 |  809.0 |
       Dungeon |   2427 |   2387 |     40 |    110 |   2033 |   3 |  809.0 |
               +--------+--------+--------+--------+--------+-----+--------+

Top non-repeatable levels by time:
     D:2: 963 daAuts
     D:1: 862 daAuts
     D:3: 601 daAuts
